 Dungeon Crawl Stone Soup version 0.26.1-11-gd32895ea62 (webtiles) character file.

Game seed: 13962851234039473314

1188 Almogavar the Destroyer (level 8, -1/43 HPs)
             Began as a Tengu Conjurer on May 20, 2021.
             Shot with an arrow by a centaur (10 damage)
             ... on level 5 of the Dungeon.
             The game lasted 00:19:23 (5776 turns).

Almogavar the Destroyer (Tengu Conjurer)            Turns: 5776, Time: 00:19:25

Health: -1/43      AC:  5    Str:  8    XL:     8   Next: 43%
Magic:  15/17      EV: 13    Int: 19    God:
Gold:   225        SH:  0    Dex: 14    Spells: 12/18 levels left

rFire    + . .     SeeInvis .   h - +0 dagger
rCold    . . .     Faith    .   (no shield)
rNeg     . . .     Spirit   .   a - +0 robe
rPois    .         Reflect  .   e - +2 hat
rElec    .         Harm     .   w - +0 cloak
rCorr    .         Rampage  .   (no gloves)
Will     .....                  (boots unavailable)
Stlth    +++.......             (no amulet)
HPRegen  0.14/turn              z - ring of protection from fire
MPRegen  0.15/turn              (no ring)

@: no status effects
A: beak, talons 3, able to fly
a: Fly


You were on level 5 of the Dungeon.
You visited 1 branch of the dungeon, and saw 5 of its levels.

You collected 225 gold pieces.

Inventory:

Hand Weapons
 h - a +0 dagger (weapon)
 v - a +2 quarterstaff of chaos
Missiles
 b - 54 arrows
 t - 51 bolts
Armour
 a - a +0 robe (worn)
 e - a +2 hat (worn)
 g - a +4 ring mail of willpower
 o - a +0 leather armour
 w - a +0 cloak (worn)
Jewellery
 z - a ring of protection from fire (left hand)
Scrolls
 c - 3 scrolls of enchant weapon
 i - a scroll of fear
 j - 3 scrolls of remove curse {unknown}
 k - 3 scrolls of teleportation {unknown}
 n - a scroll of noise {unknown}
 p - 3 scrolls of amnesia {unknown}
 q - 2 scrolls of magic mapping {unknown}
 x - a scroll of blinking {unknown}
 y - a scroll of enchant armour {unknown}
Potions
 d - 3 potions of curing
 f - a potion of brilliance {unknown}
 l - a potion of mutation {unknown}
 m - a potion of degeneration {unknown}
 r - a potion of haste {unknown}
 s - a potion of invisibility {unknown}
 u - a potion of attraction {unknown}


   Skills:
 + Level 1.2 Fighting
 + Level 3.2 Dodging
 + Level 4.0 Stealth
 + Level 5.6 Spellcasting
 + Level 10.1 Conjurations


You had 12 spell levels left.
You knew the following spells:

 Your Spells              Type           Power        Failure   Level
a - Magic Dart            Conj           100%         1%          1
b - Searing Ray           Conj           86%          1%          2
c - Dazzling Flash        Conj/Hex       48%          4%          3

Your spell library contained the following spells:

 Spells                   Type           Power        Failure   Level
 Beastly Appendage        Tmut           10%          12%         1
 Fulminant Prism          Conj/Hex       12%          14%         4
 Iskenderun's Mystic Bla  Conj/Tloc      24%          14%         4
 Wereblood                Tmut           5%           17%         2
 Spider Form              Tmut/Pois      2%           34%         3
 Ice Form                 Ice/Tmut       5%           75%         4
 Blade Hands              Tmut           2%           97%         5


Dungeon Overview and Level Annotations

Branches:
Dungeon (5/15)
 Temple: D:4-7

Altars:
Ashenzari
Fedhas
Qazlal
Uskayaw
Xom


Innate Abilities, Weirdness & Mutations

You have a beak for a mouth.
You have claws for feet.
You can fly continuously.


Message History

The centaur wields a +0 shortbow.
The centaur shoots an arrow.
The arrow misses you.
You see here an arrow.
The centaur shoots an arrow.
The arrow hits you!
You see here an arrow.
The centaur shoots an arrow.
The arrow hits you!
You see here an arrow.
You start resting.
The centaur shoots an arrow.
The arrow hits you!
* * * LOW HITPOINT WARNING * * *
Casting: Searing Ray (safe; 1% risk of failure)
Confirm with . or Enter, or press ? or * to list all spells.
Aiming: Searing Ray (safe; 1% risk of failure)
Press: ? - help, Shift-Dir - straight line, f - centaur
Aim: a centaur, wielding a +0 shortbow and quivering 27 arrows (11% to evade)
The searing ray hits the centaur!
The centaur is severely wounded. (Press . to maintain the ray.)
The centaur shoots an arrow.
The arrow hits you!
You die...

### #<# #.#
#.# #.#
#.########
#.....@(.#
########c#
#.# #.# #.#
#c# #.# #(#
#..........#


You could see a centaur.

Vanquished Creatures
  Sigmund (D:3)
  The ghost of McKennaii the Conjurer, an amateur DECj (D:4)
  2 ogres (D:4)
  5 scorpions (D:4)
  2 howler monkeys (D:4)
  2 orc priests (D:3)
  Crazy Yiuf (D:3)
  3 orc wizards (D:4)
  3 worker ants (D:4)
  4 adders
  An ooze (D:1)
  2 worms
  A dart slug (D:3)
  3 leopard geckos
  8 orcs
  12 bats
  2 giant cockroaches (D:3)
  7 goblins
  5 hobgoblins
  7 jackals
  6 quokkas
  3 ball pythons
  4 frilled lizards
  8 kobolds
  7 rats
100 creatures vanquished.

Notes
Turn   | Place    | Note
-------+----------+-------------------------------------------
     0 | D:1      | Almogavar the Tengu Conjurer began the quest for the Orb.
     0 | D:1      | Reached XP level 1. HP: 10/10 MP: 4/4
     6 | D:1      | Noticed a swamp worm
     6 | D:1      | Noticed a salamander
     6 | D:1      | Noticed a redback
     7 | D:1      | Noticed a hound
     7 | D:1      | Noticed a snapping turtle
   234 | D:1      | Reached XP level 2. HP: 15/15 MP: 4/6
   329 | D:1      | Reached skill level 6 in Conjurations
   504 | D:1      | Learned a level 2 spell: Searing Ray
   682 | D:1      | Reached XP level 3. HP: 19/19 MP: 4/7
  1909 | D:2      | Reached XP level 4. HP: 24/24 MP: 5/8
  2121 | D:2      | Found a hide-covered altar of Uskayaw.
  2737 | D:3      | Noticed Sigmund
  2924 | D:3      | Killed Sigmund
  2925 | D:3      | Reached skill level 7 in Conjurations
  2925 | D:3      | Gained mutation: You can fly continuously. [Tengu growth]
  2925 | D:3      | Reached XP level 5. HP: 28/28 MP: 4/11
  2925 | D:3      | Reached XP level 6. HP: 33/33 MP: 4/12
  3191 | D:3      | Reached skill level 8 in Conjurations
  3454 | D:3      | Found a stormy altar of Qazlal.
  3456 | D:3      | Noticed a fire elemental
  3468 | D:3      | Noticed an air elemental
  3469 | D:3      | Noticed a water elemental
  3641 | D:3      | Found a shimmering altar of Xom.
  3763 | D:3      | Found a runed translucent door.
  3764 | D:3      | Noticed Crazy Yiuf
  3771 | D:3      | Killed Crazy Yiuf
  3884 | D:4      | Found a blossoming altar of Fedhas.
  3889 | D:4      | Learned a level 3 spell: Dazzling Flash
  4043 | D:4      | Reached XP level 7. HP: 37/37 MP: 4/13
  4093 | D:4      | Reached skill level 1 in Fighting
  4293 | D:4      | Reached skill level 9 in Conjurations
  4586 | D:4      | Found a broken altar of Ashenzari.
  4629 | D:4      | Reached XP level 8. HP: 43/43 MP: 11/16
  4924 | D:4      | Reached skill level 5 in Spellcasting
  5360 | D:4      | Found a runed translucent door.
  5360 | D:4      | Noticed McKennaii's ghost (amateur DECj)
  5381 | D:4      | Killed McKennaii's ghost
  5382 | D:4      | Reached skill level 10 in Conjurations
  5723 | D:5      | Entered Level 5 of the Dungeon
  5776 | D:5      | Shot with an arrow by a centaur

Illustrated notes

Levels and vault maps discovered:
D:1:      onia_arrival_zoo_common, layout_basic, minmay_curled_crystal,
          due_unseen_surprise
D:2:      layout_loops_cross, lemuel_tele_altar
D:3:      layout_rooms, nicolae_qazlal_style_of_elements, tgw_xom,
          minmay_misc_feat_hallway, minmay_splitting_lines,
          uniq_crazy_yiuf_cottage, uniq_sigmund
D:4:      kennysheep_spiral_hall, layout_basic, lemuel_round_altar,
          ebering_ghost_inner_flame, fedhas_altar_1
D:5:      minmay_chambers_of_threes, layout_basic, bloody_trog,
          skrybe_limestone_x, nemelex_lonely_heart_becter

Skill      XL: |  1  2  3  4  5  6  7  8 |
---------------+-------------------------+-----
Conjurations   | 6 7 8 9 10 | 10.1
Spellcasting   | 3 4 5 |  5.6
Dodging        | 3 |  3.2
Stealth        | 3 4 |  4.0
Fighting       | 1 |  1.2

Action                   |  1- 3 |  4- 6 |  7- 9 || total
-------------------------+-------+-------+-------++-------
Melee: Dagger            |    18 |     1 |       ||    19
       Kick              |     7 |       |       ||     7
       Peck              |     2 |       |       ||     2
 Cast: Magic Dart        |    55 |    60 |    23 ||   138
       Searing Ray       |     3 |    13 |    19 ||    35
  Use: Scroll            |     3 |       |       ||     3
Armor: Robe              |     3 |     5 |       ||     8
Dodge: Dodged            |    12 |    12 |     1 ||    25
